 Dungeon Crawl Stone Soup version 0.25.1-2-g60ff931df9 (webtiles) character file.

Game seed: 7075674832402829673

7674 markt42 the Basher (level 11, 0/64 HPs)
             Began as a Gargoyle Fighter on Oct 4, 2020.
             Was a High Priest of Okawaru.
             Killed by divine providence
             ... invoked by an orc priest
              (9 damage)
             ... on level 1 of the Orcish Mines.
             The game lasted 00:13:07 (10922 turns).

markt42 the Basher (Gargoyle Fighter)              Turns: 10922, Time: 00:13:07

Health: 0/64       AC: 25    Str: 21    XL:     11   Next: 18%
Magic:  11/11      EV:  4    Int:  8    God:    Okawaru [*****.]
Gold:   783        SH: 18    Dex: 12    Spells: 10/10 levels left

rFire    . . .     SeeInvis .   x - +1 morningstar
rCold    + . .     Gourm    .   n - +1 tower shield
rNeg     + . .     Faith    .   D - +0 plate armour
rPois    ∞         Spirit   .   h - +0 hat
rElec    +         Reflect  .   d - +2 cloak
rCorr    .         Harm     .   (no gloves)
MR       .....                  (no boots)
Stlth    ..........             (no amulet)
HPRegen  0.20/turn              o - ring of flight
MPRegen  0.12/turn              p - ring of protection from cold

@: about to teleport
A: negative energy resistance 1, electricity resistance, unbreathing,
petrification resistance, rot immunity, AC +8
a: Heroism, Finesse, Renounce Religion, Evoke Flight


You were on level 1 of the Orcish Mines.
You worshipped Okawaru.
Okawaru was extremely pleased with you.
You were not hungry.

You visited 4 branches of the dungeon, and saw 13 of its levels.

You collected 783 gold pieces.

Inventory:

Hand Weapons
 x - a +1 morningstar (weapon)
Armour
 d - a +2 cloak (worn)
 h - a +0 hat (worn)
 n - a +1 tower shield (worn)
 D - a +0 plate armour (worn)
Jewellery
 o - a ring of flight (left hand)
 p - a ring of protection from cold (right hand)
Wands
 a - a wand of iceblast (7)
 b - a wand of enslavement (17)
 e - a wand of acid (9)
 y - a wand of random effects (21)
 A - a wand of flame (12)
Scrolls
 c - a scroll of immolation
 g - 3 scrolls of teleportation
 j - 5 scrolls of remove curse
 k - 8 scrolls of identify
 m - a scroll of enchant weapon
 q - 2 scrolls of fear
 t - 3 scrolls of amnesia
 v - a scroll of enchant armour
Potions
 r - 2 potions of resistance
 s - 2 potions of haste
 z - a potion of curing
 B - a potion of cancellation
Comestibles
 f - 13 rations
 i - 3 chunks of flesh


   Skills:
 + Level 6.2 Fighting
 * Level 11.5 Maces & Flails
 * Level 8.9 Armour
 + Level 2.5 Dodging
 + Level 1.0 Stealth
 + Level 9.3 Shields
 + Level 0.5 Evocations


You had 10 spell levels left.
You didn't know any spells.
Your spell library contained the following spells:

 Spells                   Type           Power        Failure   Level  Hunger
 Animate Skeleton         Necr           N/A          100%        1    ##.....
 Pain                     Necr           #...         100%        1    ##.....
 Vampiric Draining        Necr           #.........   100%        3    ####...
 Animate Dead             Necr           N/A          100%        4    #####..
 Agony                    Necr           #.......     100%        5    ######.


Dungeon Overview and Level Annotations

Branches:
Dungeon (10/15)            Temple (1/1) D:4            Lair (1/6) D:8
    Orc (1/2) D:9

Altars:
Ashenzari
Cheibriados
Dithmenos
Elyvilon
Fedhas
Gozag
Hepliaklqana
Kikubaaqudgha
Makhleb
Nemelex Xobeh
Okawaru
Qazlal
Ru
Sif Muna
Trog
Uskayaw
Vehumet
Wu Jian
Xom
Yredelemnul
Zin
The Shining One

Shops:
D:4 (   D:6 :   D:7 *   D:9 *

Annotations:
D:10 Fannar


Innate Abilities, Weirdness & Mutations

You are resistant to torment.
Your stone body is resilient. (AC +8)
You are immune to poison.
You resist negative energy. (rN+)
You are resistant to electric shocks. (rElec)
You can survive without breathing.
You are immune to petrification.
You are immune to rotting.


Message History

The orc warrior is heavily wounded.
An orc priest comes into view. It is wielding a +0 hand axe.
Unknown command.
You closely miss the orc warrior.
The orc warrior is heavily wounded.
The orc priest looks encouraged for a moment.
You block the orc warrior's attack.
The orc warrior hits you with a +0 glaive.
* * * LOW HITPOINT WARNING * * *
Okay, then.
As you read the scroll of teleportation, it crumbles to dust.
You feel strangely unstable.
A warg comes into view.
The orc priest mumbles some strange prayers to Beogh against you.
Beogh smites you!
* * * LOW HITPOINT WARNING * * *
You block the orc warrior's attack. x2
The orc priest mumbles some strange prayers to Beogh against you.
Beogh smites you!
You die...

###...####.....##
##.## #..(.(..#
######.((((..#
##.#..((((.#
#....(((((.#
##.....((..#
#...#.....######
#.......###.##.##
##.......#.@)oo.#
#...##.....##o##
#....##....##.oo.#
##....##.#.###...h#
###. #....##.....$
## .......#.......
##........#.....
#...##.........
##...........>.


You could see 2 orc warriors and an orc priest.

Vanquished Creatures
  Gastronok (D:8)
  A two-headed ogre (D:9)
  Nergalle (Orc:1)
  The ghost of NebNelluc the Cutter, a novice HaFi of Wu Jian (D:4)
  Maurice (D:9)
  3 trolls
  A hippogriff (D:8)
  3 ice beasts
  A sky beast (D:9)
  An orc warrior (D:9)
  A necrophage (D:6)
  5 ogres
  3 centaurs
  4 bullfrogs
  2 scorpions
  3 wights (D:7)
  6 killer bees (D:9)
  A crimson imp (D:8)
  A quasit (D:8)
  7 hounds
  2 jellies (D:9)
  A bullfrog skeleton (D:3)
  4 orc priests
  A gnoll shaman (D:7)
  Crazy Yiuf (D:2)
  2 centaur skeletons (D:4)
  2 iguanas
  6 worker ants
  8 orc wizards
  A killer bee zombie (D:7)
  6 adders
  19 gnolls
  A shadow imp (D:6)
  An ooze (D:1)
  3 worms
  A dart slug (D:2)
  45 orcs
  2 ball pythons
  6 bats
  4 giant cockroaches
  8 goblins
  5 hobgoblins
  16 jackals
  7 kobolds
  6 frilled lizards
  A giant cockroach zombie (D:5)
  A jackal zombie (D:7)
  A leopard gecko skeleton (D:4)
  2 quokka skeletons (D:4)
  4 rats
  A fungus (D:2)
215 creatures vanquished.

Notes
Turn   | Place    | Note
-------+----------+-------------------------------------------
     0 | D:1      | markt42 the Gargoyle Fighter began the quest for the Orb.
     0 | D:1      | Reached XP level 1. HP: 14/14 MP: 1/1
   225 | D:1      | Reached XP level 2. HP: 11/19 MP: 2/2
   841 | D:1      | Reached XP level 3. HP: 23/23 MP: 3/3
  1511 | D:2      | Found a runed translucent door.
  1512 | D:2      | Noticed Crazy Yiuf
  1521 | D:2      | Killed Crazy Yiuf
  1521 | D:2      | Reached skill level 3 in Maces & Flails
  1521 | D:2      | Reached XP level 4. HP: 14/29 MP: 4/4
  1888 | D:2      | Found a shadowy altar of Dithmenos.
  2571 | D:3      | Reached XP level 5. HP: 33/33 MP: 5/5
  2640 | D:3      | You fall into a shaft and drop 2 floors!
  2640 | D:5      | Entered Level 5 of the Dungeon
  2659 | D:5      | Found a stormy altar of Qazlal.
  2896 | D:3      | Reached XP level 6. HP: 38/38 MP: 6/6
  2983 | D:3      | Reached skill level 4 in Maces & Flails
  3199 | D:3      | Found a glowing golden altar of the Shining One.
  3272 | D:4      | Found a staircase to the Ecumenical Temple.
  3359 | D:4      | Found a blossoming altar of Fedhas.
  3391 | D:4      | Found a runed translucent gate.
  3394 | D:4      | Noticed NebNelluc's ghost (novice HaFi)
  3395 | D:4      | Found a runed translucent gate.
  3395 | D:4      | Found a runed translucent gate.
  3417 | D:4      | Killed NebNelluc's ghost
  3417 | D:4      | Reached skill level 5 in Maces & Flails
  3417 | D:4      | Reached skill level 5 in Armour
  3417 | D:4      | Reached skill level 1 in Dodging
  3417 | D:4      | Reached skill level 5 in Shields
  3417 | D:4      | Reached XP level 7. HP: 39/43 MP: 7/7
  3538 | D:4      | Reached skill level 6 in Maces & Flails
  3609 | D:4      | Reached XP level 8. HP: 42/48 MP: 8/8
  3683 | Temple   | Entered the Ecumenical Temple
  3842 | Temple   | Became a worshipper of Warmaster Okawaru
  4130 | D:4      | Found Dirihe's Weapon Shoppe.
  4303 | D:5      | Found a burning altar of Makhleb.
  4529 | D:5      | Reached skill level 7 in Maces & Flails
  4912 | D:5      | Found a shimmering altar of Xom.
  4961 | D:5      | Reached * piety under Okawaru
  5261 | D:6      | Reached skill level 8 in Maces & Flails
  5410 | D:6      | Reached XP level 9. HP: 40/52 MP: 9/9
  5847 | D:6      | Reached skill level 5 in Fighting
  5858 | D:6      | Found Zeaviag's Book Boutique.
  5904 | D:6      | Found an ancient bone altar of Kikubaaqudgha.
  6111 | D:7      | Reached ** piety under Okawaru
  6316 | D:7      | You fall into a shaft and drop 3 floors!
  6316 | D:10     | Entered Level 10 of the Dungeon
  6353 | D:10     | Noticed a troll
  6391 | D:10     | Killed a troll
  6444 | D:10     | Noticed Fannar
  6577 | D:9      | Reached skill level 9 in Maces & Flails
  6691 | D:9      | Noticed Maurice
  6700 | D:9      | Killed Maurice
  6700 | D:9      | Reached *** piety under Okawaru
  6700 | D:9      | Reached skill level 1 in Stealth
  6885 | D:9      | Noticed a two-headed ogre
  6893 | D:9      | Killed a two-headed ogre
  6893 | D:9      | Reached **** piety under Okawaru
  6893 | D:9      | Reached XP level 10. HP: 46/59 MP: 10/10
  6996 | D:9      | Found a shimmering blue altar of Sif Muna.
  7040 | D:9      | Found Uxeduzana's General Store.
  7085 | D:8      | Found a sacrificial altar of Ru.
  7262 | D:7      | Found Minop's Island Escapes.
  7831 | D:8      | Reached skill level 10 in Maces & Flails
  8095 | D:8      | Found a staircase to the Lair.
  8417 | D:8      | Noticed Gastronok
  8452 | D:8      | Killed Gastronok
  8452 | D:8      | Reached ***** piety under Okawaru
  8452 | D:8      | Reached skill level 11 in Maces & Flails
  9340 | D:9      | Reached XP level 11. HP: 58/64 MP: 11/11
  9501 | D:9      | Identified the +6 rapier of the Establishment {protect,
                  | +Blink rElec rC- Int+5} (You found it on level 9 of the
                  | Dungeon)
  9971 | D:9      | Found a staircase to the Orcish Mines.
 10148 | Lair:1   | Entered Level 1 of the Lair of Beasts
 10169 | Lair:1   | Noticed an eight-headed hydra
 10319 | Orc:1    | Entered Level 1 of the Orcish Mines
 10322 | Orc:1    | Noticed Nergalle
 10621 | Orc:1    | Noticed a spectral orc warlord
 10644 | Orc:1    | Killed Nergalle
 10922 | Orc:1    | Killed from afar by an orc priest

Illustrated notes

Levels and vault maps discovered:
D:1:      matt_arrival_spirals, layout_basic
D:2:      kennysheep_big_flooded_room, layout_loops_corners,
          minmay_misc_feat_chi, nicolae_dithmenos_shadow_blocks,
          uniq_crazy_yiuf_cottage
D:3:      layout_rooms, tso_oasis_becter
D:4:      layout_rooms, old_standard_altar, minmay_temple_entry_sparse_star,
          ebering_ghost_rock_garden, serial_shops, shop
D:5:      layout_rooms, lemuel_round_altar, first_ration, basic_altar,
          roderic_filled_cross, serial_bayou_ford_a, xom_teletrap_fun
D:6:      layout_rooms, kiku_gazebo_pond_becter, serial_shops, kennysheep_mini
D:7:      layout_cave_pools, nicolae_island_escapes
D:8:      layout_rooms, nicolae_ru_great_annihilating_truth, dpeg_oklobed_lair,
          serial_co_window_serial, co_window_paths_a, co_window_paths_a,
          co_window_corner_a, co_window_corner_a, co_window_paths_b,
          co_window_unsneaky_path_b, co_window_broadway_b,
          co_window_unsneaky_path_d, co_window_of_opportunity_b,
          glass_columns_c, dk_noncrumbling_4, uniq_gastronok
D:9:      layout_basic, hiddenorc1_lemuel, basic_altar, serial_shops,
          nicolae_shop_window_shopping, uniq_maurice
D:10:     layout_stronghold, uniq_fannar
Temple:   nicolae_temple_elliptical
Lair:1:   layout_regular_city, basic_altar, grunt_megastairs_2
Orc:1:    layout_caves, nicolae_orc_rockfall, uniq_nergalle

Skill      XL: |  1  2  3  4  5  6  7  8  9 10 11 |
---------------+----------------------------------+-----
Maces & Flails | 3 5 6 8 9 11 | 11.5
Armour         | 4 5 6 7 8 |  8.9
Shields        | 4 5 6 8 9 |  9.3
Fighting       | 4 5 6 |  6.2
Dodging        | 1 2 |  2.5
Stealth        | 1 |  1.0
Evocations     | |  0.5

Action                   |  1- 3 |  4- 6 |  7- 9 | 10-12 || total
-------------------------+-------+-------+-------+-------++-------
Melee: Flail             |   113 |   206 |   276 |       ||   595
       Morningstar       |       |       |   175 |   324 ||   499
 Abil: Evoke Flight      |       |       |       |     1 ||     1
Evoke: Wand              |       |       |     9 |       ||     9
  Use: Potion            |     1 |     5 |     9 |     5 ||    20
       Scroll            |       |       |       |    13 ||    13
 Stab: Invisible         |       |       |     1 |       ||     1
  Eat: Chunk             |     2 |     3 |    11 |    11 ||    27
       Ration            |       |     1 |       |     1 ||     2
Armor: Scale mail        |    81 |     3 |       |       ||    84
       Chain mail        |       |   143 |   206 |   105 ||   454
       Plate armour      |       |       |       |    83 ||    83
Dodge: Dodged            |    43 |    30 |    55 |    66 ||   194
Block: Kite shield       |    55 |       |       |       ||    55
       Tower shield      |    41 |   196 |   373 |   330 ||   940
